 Dungeon Crawl Stone Soup version 0.29.1-15-g9cfb28693d (webtiles) character file.

Game seed: 8976603124243135989

12 protoss039 the Digger (level 2, 14/20 HPs)
             Began as a Demonspawn Earth Elementalist on Mar 2, 2023.
             Got out of the dungeon alive.
             The game lasted 00:00:29 (441 turns).

protoss039 the Digger (DsEE)                         Turns: 441, Time: 00:00:30

Health: 14/20      AC:  2    Str:  8    XL:     2   Next: 20%
Magic:  5/5        EV: 12    Int: 16    God:
Gold:   0          SH:  0    Dex: 13    Spells: 4/5 levels left

rFire   . . .      SeeInvis .   c - +0 short sword
rCold   . . .      Faith    .   (no shield)
rNeg    . . .      Spirit   .   a - +0 robe
rPois   .          Reflect  .   (helmet restricted)
rElec   .          Harm     .   (no cloak)
rCorr   .          Rampage  .   (no gloves)
Will    .....                   (no boots)
Stlth   ++........              (no amulet)
HPRegen 0.06/turn               (no ring)
MPRegen 0.09/turn               (no ring)

@: no status effects
A: antennae 1
a: no special abilities


You escaped.
You visited 1 branch of the dungeon, and saw 1 of its levels.

Inventory:

Hand Weapons
 c - a +0 short sword (weapon)
Armour
 a - a +0 robe (worn)
Potions
 b - a potion of magic


   Skills:
 + Level 0.9 Fighting
 - Level 1.7 Dodging
 - Level 1.7 Stealth
 + Level 2.2 Spellcasting
 - Level 0.8 Transmutations
 + Level 2.9 Earth Magic


You had 4 spell levels left.
You knew the following spells:

 Your Spells              Type           Power      Damage    Failure   Level
a - Sandblast             Erth           22%        2d7       6%          1

Your spell library contained the following spells:

 Spells                   Type           Power      Damage    Failure   Level
 Passwall                 Tmut/Erth      5%         N/A       14%         2
 Stone Arrow              Conj/Erth      12%        3d7       32%         3
 Petrify                  Tmut/Erth      7%         N/A       67%         4


Dungeon Overview and Level Annotations

Branches:
Dungeon (1/15) Zot: 5552

Altars:

Shops:
D:1 (


Innate Abilities, Weirdness & Mutations

You have a pair of small antennae on your head.


Message History

You hit the kobold.
You kill the kobold!
The giant cockroach bites you.
Unknown command.
You hit the giant cockroach but do no damage.
The giant cockroach barely misses you. The hobgoblin hits you.
The giant cockroach bites you.
Unknown command.
You are too injured to fight recklessly!
Unknown command.
You are too injured to fight recklessly!
Unknown command.
Casting: Sandblast (safe; 6% risk of failure)
Confirm with . or Enter, or press ? or * to list all spells.
Aiming: Sandblast (safe; 6% risk of failure)
Press: ? - help, Shift-Dir - straight line, f - hobgoblin
Aim: a hobgoblin (82% to hit)
The blast of sand hits the hobgoblin!
You kill the hobgoblin!
The giant cockroach barely misses you.
Unknown command.
Casting: Sandblast (safe; 6% risk of failure)
Confirm with . or Enter, or press ? or * to list all spells.
You don't have enough magic to cast this spell.
Unknown command.
You are too injured to fight recklessly!
Unknown command.
You hit the giant cockroach but do no damage.
The giant cockroach bites you but does no damage. x2
You hit the giant cockroach.
You kill the giant cockroach!
Unknown command.
You open the door.
There is an open door here.
You see here a frilled lizard corpse.
There is an entrance to Etwausy's Weapon Emporium here.
Found a scroll labelled WUECISUATOJ.
There is a staircase leading out of the dungeon here.
Are you sure you want to leave the Dungeon?
This will make you lose the game!
You have escaped!

#...≈≈≈≈§≈§≈§
#####....≈≈§§≈§≈≈
.........§.≈≈≈≈§≈≈
..........≈≈§§§≈≈§≈
..........≈§§≈≈§≈≈≈
........≈≈≈≈§§§≈≈
.........≈≈≈≈§≈§
#.##..≈≈§§§≈≈§≈
#.@#...≈≈§§§§≈§
#.......≈§.§§.≈
#########....≈≈.≈≈
#......#.........≈## #
#.#...............# ####.
#.##..###########.###
.....##.#.....[...........#
.
......#.#..#.###..#####..##
. ..?......>.#.###..## #..#


There were no monsters in sight!

Vanquished Creatures
  A bat (D:1)
  2 giant cockroaches (D:1)
  A hobgoblin (D:1)
  A quokka (D:1)
  2 frilled lizards (D:1)
  A goblin (D:1)
  3 kobolds (D:1)
11 creatures vanquished.

Notes
Turn   | Place    | Note
-------+----------+-------------------------------------------
     0 | D:1      | protoss039 the Demonspawn Earth Elementalist began the
                  | quest for the Orb.
     0 | D:1      | Reached XP level 1. HP: 13/13 MP: 3/3
   231 | D:1      | Found Etwausy's Weapon Emporium.
   374 | D:1      | Gained mutation: You have a pair of small antennae on your
                  | head. [demonic ancestry]
   374 | D:1      | Reached XP level 2. HP: 16/20 MP: 1/5
   441 | D:$      | Got out of the dungeon alive.

Illustrated notes

Levels and vault maps discovered:
D:1:      dpeg_arrival_lava_altar, layout_basic, serial_shops,
          nicolae_shop_crystal, minmay_crystal_room

Action                   || total
-------------------------++-------
Melee: Short sword       ||    18
 Cast: Sandblast         ||    10
Armor: Robe              ||     5
Dodge: Dodged            ||    20
